 Dungeon Crawl Stone Soup version 0.26.1-2-gb8aa6d0cf2 (webtiles) character file.

Game seed: 3442030121752904123

19 skwiii the Stinger (level 2, -2/19 HPs)
             Began as a Demonspawn Venom Mage on Feb 21, 2021.
             Slain by a worm (7 damage)
             ... on level 2 of the Dungeon.
             The game lasted 00:03:06 (1680 turns).

skwiii the Stinger (Demonspawn Venom Mage)          Turns: 1680, Time: 00:03:06

Health: -2/19      AC:  4    Str:  8    XL:     2   Next: 55%
Magic:  2/5        EV: 12    Int: 16    God:
Gold:   34         SH:  0    Dex: 13    Spells: 2/5 levels left

rFire    . . .     SeeInvis .   (no weapon)
rCold    . . .     Faith    .   (no shield)
rNeg     . . .     Spirit   .   a - +0 robe
rPois    .         Reflect  .   (no helmet)
rElec    .         Harm     .   (no cloak)
rCorr    .         Rampage  .   (no gloves)
Will     .....                  (no boots)
Stlth    ++........             (no amulet)
HPRegen  0.06/turn              (no ring)
MPRegen  0.09/turn              (no ring)

@: brilliant
A: icy blue scales 1
a: no special abilities


You were on level 2 of the Dungeon.
You visited 1 branch of the dungeon, and saw 2 of its levels.

You collected 34 gold pieces.

Inventory:

Armour
 a - a +0 robe (worn)
Scrolls
 b - a scroll of random uselessness {unknown}


   Skills:
 - Level 1.7 Dodging
 - Level 1.7 Stealth
 + Level 2.3 Spellcasting
 + Level 1.4 Transmutations
 + Level 0.2 Air Magic
 + Level 3.2 Poison Magic


You had 2 spell levels left.
You knew the following spells:

 Your Spells              Type           Power        Failure   Level
a - Sting                 Tmut/Pois      56%          8%          1
b - Poisonous Vapours     Pois/Air       22%          14%         2

Your spell library contained the following spells:

 Spells                   Type           Power        Failure   Level
 Ignite Poison            Fire/Tmut/Pois 10%          32%         3
 Mephitic Cloud           Conj/Pois/Air  8%           36%         3
 Olgreb's Toxic Radiance  Pois           18%          45%         4


Dungeon Overview and Level Annotations

Branches:
Dungeon (2/15)

Altars:
Ashenzari

Annotations:
D:2 Robin


Innate Abilities, Weirdness & Mutations

You are partially covered in icy blue scales. (AC +2)


Message History

The goblin shouts!
You hear a shout! x2
A goblin and a hobgoblin come into view.
The goblin throws a stone.
The stone hits you.
* * * LOW HITPOINT WARNING * * *
The jackal bites you but does no damage.
You see here a stone.
Robin of the Strong Arm comes into view.
They are wielding a +0 short sword.
Robin shouts!
A goblin comes into view.
A hobgoblin comes into view.
The goblin throws a stone.
The stone hits you but does no damage.
Robin roars a battlecry!
The goblins go into a battle-frenzy!
The worm bites you but does no damage.
You see here a stone.
The goblin throws a stone.
The stone misses you.
Robin says, "A pitiful Demonspawn like you will never find the ORB!"
Robin roars a battlecry!
The goblin goes into a battle-frenzy!
The worm bites you!
You die...

###.....# #.#
#######.### #h#
.........# #h#
.######g.# #g#
#..# #.#
##.[######.#
#hr........#
####wh.########
#..@h......#
#<##.g.....#
#.##.g......#
h†.....g....#
...###....g..#
..... !......##
##....
..#.ggg..
..#.###g##.#...
##.#.#


You could see a worm, Robin, a quokka, 3 jackals, 3 hobgoblins and 5 goblins.

Vanquished Creatures
  3 bats (D:1)
  3 giant cockroaches
  A goblin (D:1)
  4 hobgoblins
  A jackal (D:2)
  3 kobolds (D:1)
  A rat (D:1)
16 creatures vanquished.

Notes
Turn   | Place    | Note
-------+----------+-------------------------------------------
     0 | D:1      | skwiii the Demonspawn Venom Mage began the quest for the
                  | Orb.
     0 | D:1      | Reached XP level 1. HP: 13/13 MP: 3/3
    32 | D:1      | Reached skill level 1 in Transmutations
   589 | D:1      | Gained mutation: You are partially covered in icy blue
                  | scales. (AC +2) [demonic ancestry]
   589 | D:1      | Reached XP level 2. HP: 18/19 MP: 3/5
   605 | D:1      | Found a broken altar of Ashenzari.
   716 | D:1      | Learned a level 2 spell: Poisonous Vapours
  1679 | D:2      | Noticed Robin
  1680 | D:2      | Slain by a worm

Illustrated notes

Levels and vault maps discovered:
D:1:      dpeg_arrival_simpleton_a, layout_basic, evilmike_ruin_ashenzari
D:2:      layout_loops_ring, overflow_temple_1_default, lemuel_round_altar,
          nzn_wu_jian_contemplation, uniq_terence, uniq_sigmund, uniq_robin

Skill      XL: |  1 |
---------------+----+-----
Transmutations | 1 |  1.4
Dodging        | |  1.7
Stealth        | |  1.7
Spellcasting   | |  2.3
Air Magic      | |  0.2
Poison Magic   | |  3.2

Action                   || total
-------------------------++-------
Melee: Unarmed           ||    15
 Cast: Sting             ||    25
       Poisonous Vapours ||     4
  Use: Potion            ||     1
Armor: Robe              ||    19
Dodge: Dodged            ||    47
